 Dungeon Crawl Stone Soup version 0.13.0-9-gbc74161 (webtiles) character file.

23305 Lilouch the Nimble (level 12, -13/85 HPs)
             Began as a Demonspawn Fighter on Oct 16, 2013.
             Was a High Priest of Okawaru.
             Mangled by an eight-headed hydra (16 damage)
             ... on Level 1 of the Lair of Beasts on Oct 17, 2013.
             The game lasted 02:25:57 (15622 turns).

Lilouch the Nimble (Demonspawn Fighter)            Turns: 15622, Time: 02:25:57

HP -13/85        AC  5     Str 20      XL: 12   Next: 62%
MP   0/20        EV 17     Int  5 (13) God: Okawaru [*****.]
Gold 908         SH 21     Dex 17      Spells:  0 memorised, 11 levels left

Res.Fire  : . . .   See Invis. : .   g - +3,+2 whip (venom)
Res.Cold  : . . .   Warding    : .   b - -5 leather armour of Sloth {Int+3 Dam+5}
Life Prot.: . . .   Conserve   : .   c - +0 shield (curse)
Res.Poison: .       Res.Corr.  : .   (no helmet)
Res.Elec. : .       Clarity    : .   O - +1 cloak
Sust.Abil.: + .     Spirit.Shd : +   P - +2 pair of bracers {archer}
Res.Mut.  : .       Stasis     : .   (boots unavailable)
Res.Rott. : .       Flight     : .   m - cursed amulet of guardian spirit
Saprovore : . . .                    Z - ring of sustain abilities
                                     X - +6,+6 ring of slaying

@: somewhat resistant to hostile enchantments, extremely stealthy
A: talons 3, powered by death 2, Str -1, Dex +4
a: Heroism, Finesse, Renounce Religion


You were on level 1 of the Lair of Beasts.
You worshipped Okawaru.
Okawaru was extremely pleased with you.
You were not hungry.

You visited 4 branches of the dungeon, and saw 16 of its levels.

You collected 913 gold pieces.
You spent 25 gold pieces at shops.

Inventory:

Hand weapons
 g - a +3,+2 whip of venom (weapon)
 r - a -1,+0 orcish anti-magic morningstar
 D - the +1,-4 short sword "Noez" {slice, rPois rC+}
   (Okawaru gifted it to you on level 12 of the Dungeon)

   It inflicts extra damage upon your enemies.
   It protects you from cold.
   It protects you from poison.
 F - a +0 blowgun
 H - a +3,+1 flail
Missiles
 k - 58 poisoned needles
Armour
 b - the -5 leather armour of Sloth (worn) {Int+3 Dam+5}
   (Okawaru gifted it to you on level 1 of the Lair of Beasts)

   It affects your intelligence (+3).
   It affects your damage-dealing abilities (+5).
 c - a cursed +0 shield (worn)
 O - a +1 cloak (worn)
 P - a +2 pair of bracers of archery (worn)
Magical devices
 h - a wand of random effects (16) {unknown}
 B - a wand of disintegration (8)
Comestibles
 d - 5 bread rations
 i - 3 rotting chunks of sheep flesh
Scrolls
 a - a scroll of amnesia
 e - a scroll of immolation
 f - 3 scrolls of fear
 x - 6 scrolls of teleportation
 C - 2 scrolls of blinking
Jewellery
 m - a cursed amulet of guardian spirit (around neck)
 s - an uncursed ring of poison resistance
 y - an uncursed amulet of clarity
 J - an uncursed ring of protection from fire
 R - a +2 ring of dexterity
 X - a +6,+6 ring of slaying (left hand)
 Z - a ring of sustain abilities (right hand)
Potions
 A - 3 potions of curing
 L - 2 potions of invisibility
 T - a potion of flight
 Y - 2 potions of heal wounds


   Skills:
 * Level 4.4 Fighting
 - Level 8.0 Maces & Flails
 + Level 9.9 Armour
 + Level 10.8 Dodging
 + Level 8.7 Stealth
 - Level 5.0 Shields
 - Level 5.0 Invocations
 - Level 5.0 Evocations


You had 11 spell levels left.
You didn't know any spells.

Dungeon Overview and Level Annotations

Branches:
Dungeon (13/27)            Temple (1/1) D:5             Orc (1/4) D:11
   Lair (1/8) D:12

Altars:
Ashenzari
Cheibriados
Elyvilon
Fedhas
Kikubaaqudgha
Makhleb
Nemelex Xobeh
Okawaru
Sif Muna
Trog
Vehumet
Xom
Yredelemnul
Zin
the Shining One

Shops:
D:7 (   D:10 [

Annotations:
D:3 Lilouch's ghost, average DsFi
D:12 Josephine


Innate Abilities, Weirdness & Mutations

You have claws for feet.
You have a moderately thin skeletal structure (Dex +4, Str -1, Stlth).
You can steal the life force of defeated enemies.


Message History

The eight-headed hydra bites you.
The eight-headed hydra closely misses you.
The eight-headed hydra bites you!
* * * LOW HITPOINT WARNING * * *
The eight-headed hydra bites you.
* * * LOW HITPOINT WARNING * * *
You block the eight-headed hydra's attack.
There is an escape hatch in the floor here.
The eight-headed hydra closely misses you.
The eight-headed hydra bites you.
* * * LOW HITPOINT WARNING * * *
You block the eight-headed hydra's attack.
The eight-headed hydra barely misses you.
The eight-headed hydra bites you!
* * * LOW HITPOINT WARNING * * *
The eight-headed hydra bites you!
* * * LOW HITPOINT WARNING * * *
The eight-headed hydra bites you but does no damage.
The eight-headed hydra bites you!
You die...

.................................
.................................
.................#...............
...........####....###...........
........#### #...## #.##........
##......## ##...# ###.......##
##.......# #....## ##......##
#P......## #.....# #......#
##......## #..@..# ####......#
#.......#####..D..###P##......#
#.............................#
#.............................#
#..............................#
##.............................##
##.............................##
.#.............................#.
..##########.........##..####.#..


You could see an eight-headed hydra.

Vanquished Creatures
  A centaur warrior (D:13)
  An unseen horror (D:11)
  2 hill giants
  An orc knight (Orc:1)
  A wizard (D:9)
  A cyclops (D:13)
  An oklob plant (Lair:1)
  Psyche (Orc:1)
  A spiny frog (Lair:1)
  A troll (D:11)
  A komodo dragon (D:12)
  A two-headed ogre (D:11)
  A slime creature (D:12)
  Prince Ribbit (D:5)
  4 blink frogs (Lair:1)
  A dragon zombie (D:12)
  10 ugly things
  A wyvern (D:12)
  A shadow (D:13)
  17 yaks
  2 hill giant zombies
  A wraith (D:12)
  4 hippogriffs
  8 fire elementals (D:12)
  3 hungry ghosts
  Edmund (D:5)
  3 manticores
  A soldier ant (D:12)
  11 orc warriors
  4 sky beasts
  2 necrophages
  2 ice beasts
  A porcupine (Lair:1)
  A phantom (D:6)
  15 centaurs
  2 ogres
  A crocodile (Lair:1)
  A warg (Orc:1)
  A big kobold (D:12)
  A brain worm (D:12)
  A manticore zombie (D:11)
  2 water moccasins
  14 giant frogs
  A wyvern zombie (D:13)
  An agate snail (Lair:1)
  A wyvern skeleton (D:7)
  23 killer bees
  A gnoll shaman (D:4)
  6 crimson imps
  A quasit (D:11)
  3 giant frog zombies
  A centaur skeleton (D:6)
  Crazy Yiuf (D:5)
  16 orc priests
  8 jellies
  7 iguanas
  14 orc wizards
  7 scorpions
  10 hounds
  6 worker ants
  Ijyb (D:5)
  4 sheep (Lair:1)
  A big kobold zombie (D:12)
  Terence (D:3)
  2 worker ant zombies
  9 gnolls
  10 adders
  A giant centipede (D:11)
  A giant mite (D:9)
  6 worms
  A goliath beetle zombie (D:8)
  An iguana zombie (D:5)
  2 giant eyeballs
  9 giant geckos
  6 oozes
  93 orcs
  6 ball pythons
  22 bats
  8 giant cockroaches
  15 hobgoblins
  16 jackals
  26 kobolds
  8 quokkas
  5 giant newts
  2 giant spores
  15 goblins
  A kobold skeleton (D:6)
  15 rats
  5 ballistomycetes
  A bush (D:5)
  3 fungi
534 creatures vanquished.

Vanquished Creatures (others)
  An orc wizard (D:6)
  2 orcs (D:6)
  A giant spore (D:6)
  5 plants (D:12)
9 creatures vanquished.

Grand Total: 543 creatures vanquished

Notes
Turn   | Place    | Note
--------------------------------------------------------------
     0 | D:1      | Lilouch, the Demonspawn Fighter, began the quest for the Orb.
     0 | D:1      | Reached XP level 1. HP: 18/18 MP: 0/0
   127 | D:1      | Gained mutation: You have a somewhat thin skeletal structure (Dex +2, Stlth). [demonic ancestry]
   127 | D:1      | Reached XP level 2. HP: 24/24 MP: 1/1
   657 | D:2      | Reached XP level 3. HP: 30/30 MP: 2/2
   924 | D:2      | Found a shattered altar of Ashenzari.
   963 | D:2      | Reached XP level 4. HP: 28/36 MP: 3/3
  1228 | D:2      | Found a snail-covered altar of Cheibriados.
  1670 | D:3      | Gained mutation: You have sharp toenails. [demonic ancestry]
  1670 | D:3      | Reached XP level 5. HP: 26/41 MP: 2/4
  1715 | D:3      | Noticed Terence
  1734 | D:3      | Killed Terence
  1785 | D:3      | Noticed Lilouch's ghost (average DsFi)
  2907 | D:3      | Reached skill level 4 in Maces & Flails
  2907 | D:3      | Reached skill level 1 in Stealth
  2945 | D:3      | Paralysed by a potion of paralysis for 3 turns
  2972 | D:3      | Found an ancient bone altar of Kikubaaqudgha.
  2973 | D:3      | Found a blossoming altar of Fedhas.
  3228 | D:4      | Found an iron altar of Okawaru.
  3327 | D:5      | Entered Level 5 of the Dungeon
  3327 | D:5      | Noticed Ijyb
  3336 | D:5      | Killed Ijyb
  3360 | D:5      | Found a staircase to the Ecumenical Temple.
  3379 | D:5      | Noticed Edmund
  3382 | Temple   | Entered the Ecumenical Temple
  3575 | D:5      | Killed Edmund
  3575 | D:5      | Reached XP level 6. HP: 22/48 MP: 2/5
  3683 | D:5      | Noticed an ogre
  4403 | D:4      | Gained mutation: You can steal the life force of nearby defeated enemies. [demonic ancestry]
  4403 | D:4      | Reached XP level 7. HP: 37/53 MP: 3/6
  4536 | D:4      | Reached skill level 5 in Maces & Flails
  4743 | D:4      | Found a sparkling altar of Nemelex Xobeh.
  5087 | D:5      | Noticed a centaur
  5107 | D:5      | Killed a centaur
  5392 | D:5      | Gained mutation: You can steal the life force of defeated enemies. [demonic ancestry]
  5392 | D:5      | Reached XP level 8. HP: 60/60 MP: 7/7
  5527 | D:5      | Noticed a hippogriff
  5529 | D:5      | Noticed Prince Ribbit
  5541 | D:5      | Killed Prince Ribbit
  5541 | D:5      | Reached skill level 6 in Maces & Flails
  5541 | D:5      | Reached skill level 5 in Armour
  5549 | D:5      | Killed a hippogriff
  5825 | D:5      | Noticed Crazy Yiuf
  5832 | D:5      | Killed Crazy Yiuf
  5886 | D:6      | Found an iron altar of Okawaru.
  5900 | D:6      | Became a worshipper of Warmaster Okawaru
  5943 | D:6      | Reached skill level 5 in Stealth
  6144 | D:6      | Reached skill level 1 in Evocations
  6423 | D:6      | Acquired Okawaru's first power
  6498 | D:6      | Reached skill level 7 in Maces & Flails
  6498 | D:6      | Reached skill level 5 in Shields
  6498 | D:6      | Gained mutation: You have a moderately thin skeletal structure (Dex +4, Str -1, Stlth). [demonic ancestry]
  6498 | D:6      | Reached XP level 9. HP: 55/65 MP: 9/11
  7021 | D:7      | Reached skill level 1 in Invocations
  7107 | D:7      | Found Stremaje's Antique Weapon Emporium.
  7136 | D:7      | Reached skill level 1 in Dodging
  7997 | D:8      | Reached skill level 8 in Maces & Flails
  8836 | D:9      | Reached skill level 5 in Evocations
  8939 | D:9      | Reached skill level 5 in Invocations
  9023 | D:9      | Reached XP level 10. HP: 55/71 MP: 12/17
  9153 | D:9      | Noticed a wizard
  9169 | D:9      | Killed a wizard
  9248 | D:9      | Noticed a large abomination
  9248 | D:9      | Noticed a large abomination
  9248 | D:9      | Noticed a large abomination
  9248 | D:9      | Noticed a large abomination
  9248 | D:9      | Noticed a large abomination
  9595 | D:10     | Entered Level 10 of the Dungeon
  9618 | D:10     | Found Jueheem's Antique Armour Emporium.
  9632 | D:10     | Bought a pair of runed orcish gloves for 25 gold pieces
  9670 | D:10     | Reached skill level 5 in Dodging
  9698 | D:10     | HP: 1/71 [yak (12)]
  9947 | D:10     | Noticed a hill giant
  9960 | D:10     | Killed a hill giant
  9960 | D:10     | Acquired Okawaru's second power
 10406 | D:11     | Found a staircase to the Orcish Mines.
 10460 | D:11     | Received a gift from Okawaru
 10486 | D:11     | Gained mutation: You have razor-sharp toenails. [mutagenic meat]
 10506 | Orc:1    | Entered Level 1 of the Orcish Mines
 10582 | Orc:1    | Noticed Psyche
 10716 | Orc:1    | Noticed an orc sorcerer
 10755 | Orc:1    | Noticed an orc knight
 10794 | Orc:1    | Reached XP level 11. HP: 68/77 MP: 13/18
 10850 | Orc:1    | Killed Psyche
 10924 | Orc:1    | Killed an orc knight
 11349 | D:11     | Killed an unseen horror
 12877 | D:12     | Reached skill level 9 in Dodging
 13198 | D:12     | Received a gift from Okawaru
 13211 | D:12     | Got a crude short sword {god gift}
 13531 | D:12     | Gained mutation: You have claws for feet. [demonic ancestry]
 13531 | D:12     | Reached XP level 12. HP: 53/83 MP: 8/20
 13783 | D:12     | Reached skill level 10 in Dodging
 14543 | D:12     | Noticed Josephine
 14553 | D:12     | Upgraded the game from 0.13.0-7-g3df9ff1 to 0.13.0-9-gbc74161
 14610 | D:12     | Found a staircase to the Lair.
 14640 | Lair:1   | Entered Level 1 of the Lair of Beasts
 14896 | Lair:1   | Received a gift from Okawaru
 14941 | Lair:1   | Got a jewelled leather armour {god gift}
 14962 | Lair:1   | Identified the -5 leather armour of Sloth {Int+3 Dam+5} (Okawaru gifted it to you on level 1 of the Lair of Beasts)
 14998 | Lair:1   | Identified the short sword "Noez" {god gift, slice, rPois rC+} (Okawaru gifted it to you on level 12 of the Dungeon)
 15174 | Lair:1   | Found a white marble altar of Elyvilon.
 15612 | Lair:1   | Noticed an eight-headed hydra
 15622 | Lair:1   | HP: 3/85 [eight-headed hydra (7)]
 15622 | Lair:1   | Mangled by an eight-headed hydra

Action                   |  1- 3 |  4- 6 |  7- 9 | 10-12 || total
-------------------------+-------+-------+-------+-------++-------
Melee: Mace              |    12 |       |       |       ||    12
       Whip              |    72 |   223 |   751 |  1060 ||  2106
       Short sword       |       |       |       |    28 ||    28
 Fire: Blowgun           |       |       |       |     1 ||     1
  Use: Scroll            |       |     6 |    10 |    15 ||    31
       Potion            |       |     3 |       |     6 ||     9
 Stab: Sleeping          |       |       |    12 |    25 ||    37
       Distracted        |       |       |     2 |       ||     2
